 Dungeon Crawl Stone Soup version 0.27-a0-1347-gd8886f0a89 (webtiles) character file.

Game seed: 16047777550914927520

7999 wakim the Basher (level 11, 0/101 HPs)
             Began as a Minotaur Berserker on June 27, 2021.
             Was an Elder of Trog.
             Slain by a yak (6 damage)
             ... on level 11 of the Dungeon.
             The game lasted 00:19:43 (9533 turns).

wakim the Basher (Minotaur Berserker)               Turns: 9533, Time: 00:19:44

Health: 0/101      AC: 16    Str: 24    XL:     11   Next: 4%
Magic:  10/10      EV: 19    Int:  5    God:    Trog [****..]
Gold:   173        SH:  0    Dex:  6    Spells: 10/10 levels left

rFire    . . .     SeeInvis .   b - +0 dire flail
rCold    . . .     Faith    .   (shield currently unavailable)
rNeg     . . .     Spirit   .   q - +5 ring mail of the First Snow {rPois Will+ Dex-4}
rPois    +         Reflect  .   e - +2 hat "Kegasm" {rElec rPois}
rElec    +         Harm     .   (no cloak)
rCorr    .         Rampage  .   c - +1 pair of gloves
Will     +....                  (no boots)
Stlth    ..........             j - amulet of the acrobat
HPRegen  0.26/turn              s - +4 ring of evasion
MPRegen  0.12/turn              l - +4 ring of evasion

@: on berserk cooldown, hasted and slowed
A: horns 2, retaliatory headbutt
a: Renounce Religion, Berserk, Trog's Hand, Brothers in Arms


You were on level 11 of the Dungeon.
You worshipped Trog.
Trog was greatly pleased with you.
You visited 2 branches of the dungeon, and saw 12 of its levels.

You collected 320 gold pieces.
You spent 147 gold pieces at shops.

Inventory:

Hand Weapons
 a - a +4 flail of venom
 b - a +0 dire flail (weapon)
 k - a +0 mace
Missiles
 d - a throwing net {=f!f}
 i - 33 poisoned darts (quivered)
 m - 14 atropa-tipped darts
Armour
 c - a +1 pair of gloves (worn)
 e - the +2 hat "Kegasm" (worn) {rElec rPois}
   (You acquired it on level 4 of the Dungeon)

   rElec:     It insulates you from electricity.
   rPois:     It protects you from poison.
 p - a +0 plate armour
 q - the +5 ring mail of the First Snow (worn) {rPois Will+ Dex-4}
   (You found it on level 6 of the Dungeon)

   Dex:       It affects your dexterity (-4).
   rPois:     It protects you from poison.
   Will:      It increases your willpower.
Jewellery
 j - an amulet of the acrobat (around neck)
 l - a +4 ring of evasion (right hand)
 n - a ring of poison resistance
 s - a +4 ring of evasion (left hand)
Wands
 x - a wand of iceblast (9)
Scrolls
 o - a scroll of enchant armour
 r - a scroll of silence {unknown}
 R - 4 scrolls of magic mapping {!r}
 T - 2 scrolls of teleportation
Potions
 f - a potion of cancellation {unknown}
 g - a potion of curing {unknown}
 h - a potion of magic {unknown}
 t - a potion of lignification {unknown}
 u - a potion of flight {unknown}
 v - a potion of might {unknown}
 B - a potion of attraction {!q}
 H - 2 potions of haste
 I - 2 potions of invisibility
 J - a potion of heal wounds
 M - 4 potions of mutation {!q}
 O - 3 potions of resistance


   Skills:
 + Level 10.3 Fighting
 * Level 13.5 Maces & Flails
 + Level 10.9 Armour
 - Level 5.0 Dodging


You had 10 spell levels left.
You didn't know any spells.
Your spell library was empty.

Dungeon Overview and Level Annotations

Branches:
Dungeon (10/15)            Temple (1/1) D:5            Lair (0/6) D:8
    Orc (0/2) D:11

Altars:
Fedhas
Gozag
Nemelex Xobeh
Okawaru
Trog

Shops:
D:6 ?   D:9 *


Innate Abilities, Weirdness & Mutations

You have a pair of horns on your head.
You reflexively headbutt those who attack you in melee.


Message History

You feel yourself slow down.
The orc hits you from afar with a +0 trident.
The yak completely misses you.
You hit the gargoyle but do no damage.
The gargoyle is severely damaged.
The gargoyle hits you with a +0 morningstar.
* * * LOW HITPOINT WARNING * * *
The orc completely misses you. The yak gores you.
* * * LOW HITPOINT WARNING * * *
The gargoyle barely misses you. The orc misses you. The yak closely misses you.
The gargoyle barely misses you. The orc misses you.
The gargoyle hurls a stone arrow at you.
The stone arrow hits you!!
* * * LOW HITPOINT WARNING * * *
The orc misses you.
You hit the yak but do no damage. You headbutt the yak.
The yak is lightly wounded.
The gargoyle misses you. The yak barely misses you.
The orc hits you from afar with a +0 trident.
* * * LOW HITPOINT WARNING * * *
You bludgeon the yak!!
The yak is severely wounded.
The gargoyle hurls a stone arrow at you.
The stone arrow misses you.
The stone arrow hits the yak!
The yak dies!
The orc closely misses you.
You feel yourself speed up.
The gargoyle hits you but does no damage.
The orc completely misses you. The yak closely misses you.
You feel much better.
The gargoyle hurls a stone arrow at you.
The stone arrow hits you!!
* * * LOW HITPOINT WARNING * * *
The orc misses you. The yak barely misses you.
You sock the yak! You headbutt the yak, but do no damage.
The yak is heavily wounded.
The gargoyle hits you with a +0 morningstar!!
* * * LOW HITPOINT WARNING * * *
The orc misses you. The yak gores you.
You die...

###+#####
#.......#
###.......#
..'.......#
#....o..# #Y#
#Y# #@# ###9###
###.coc.####
#....o8c....#
#...........#
...............#
..8....>....8..#
#..............#
##...........#.#


You could see 2 yaks, an orc warrior, a gargoyle, 3 centaurs and 2 orcs.

Vanquished Creatures
  2 two-headed ogres
  Maggie (D:6)
  An unseen horror (D:9)
  A troll (D:9)
  3 hornets
  A wyvern (D:8)
  6 yaks
  A sky beast (D:6)
  5 orc warriors
  3 black bears
  A necrophage (D:8)
  An ice beast (D:6)
  2 ogres (D:7)
  A phantom (D:7)
  6 centaurs
  2 bullfrogs
  A kobold brigand (D:8)
  3 scorpions
  12 killer bees
  A vampire bat (D:7)
  9 wights
  2 howler monkeys
  2 centaur zombies
  A jelly (D:4)
  3 hounds
  2 bullfrog skeletons
  2 centaur skeletons (D:4)
  8 orc priests
  A gnoll shaman (D:6)
  4 iguanas
  4 orc wizards
  A killer bee zombie (D:6)
  A hound skeleton (D:5)
  4 gnolls (D:6)
  7 adders
  A shadow imp (D:6)
  4 white imps
  An ufetubus (D:5)
  An adder skeleton (D:4)
  3 worms
  3 dart slugs
  17 orcs
  4 ball pythons
  4 endoplasms
  5 giant cockroaches
  5 goblins
  5 hobgoblins
  8 jackals (D:2)
  8 quokkas
  12 bats
  3 frilled lizards
  9 kobolds
  23 rats
221 creatures vanquished.

Vanquished Creatures (others)
  2 yaks (D:11)
2 creatures vanquished.

Grand Total: 223 creatures vanquished

Notes
Turn   | Place    | Note
-------+----------+-------------------------------------------
     0 | D:1      | wakim the Minotaur Berserker began the quest for the Orb.
     0 | D:1      | Reached XP level 1. HP: 19/19 MP: 0/0
   148 | D:1      | Reached XP level 2. HP: 27/27 MP: 1/1
   151 | D:1      | Reached skill level 4 in Maces & Flails
   554 | D:1      | Reached ** piety under Trog
   897 | D:2      | Reached XP level 3. HP: 31/33 MP: 2/2
  1396 | D:2      | Reached XP level 4. HP: 40/40 MP: 3/3
  1685 | D:2      | Reached skill level 5 in Maces & Flails
  2075 | D:3      | Reached XP level 5. HP: 47/47 MP: 4/4
  2320 | D:3      | Noticed a centaur
  2338 | D:3      | Killed a centaur
  2339 | D:3      | Reached skill level 5 in Armour
  2499 | D:3      | Reached *** piety under Trog
  2816 | D:4      | Reached XP level 6. HP: 52/55 MP: 5/5
  2919 | D:4      | Reached skill level 6 in Maces & Flails
  2945 | D:4      | Reached skill level 5 in Fighting
  3159 | D:4      | Reached XP level 7. HP: 57/61 MP: 6/6
  3232 | D:4      | Identified a scroll of acquirement
  3232 | D:4      | Acquired the +2 hat "Kegasm" {rElec rPois}
  3712 | D:5      | Entered Level 5 of the Dungeon
  3731 | D:4      | Reached skill level 7 in Maces & Flails
  3997 | D:5      | Found a bloodstained altar of Trog.
  4420 | D:5      | Found a staircase to the Ecumenical Temple.
  4426 | Temple   | Entered the Ecumenical Temple
  4811 | D:6      | Identified the +5 ring mail of the First Snow {rPois Will+
                  | Dex-4}
  4855 | D:6      | Reached skill level 8 in Maces & Flails
  4855 | D:6      | Reached XP level 8. HP: 65/70 MP: 7/7
  4988 | D:6      | Identified the +1 leather armour of the Stone Wall {Rampage
                  | rElec Str+4 Int-5}
  5012 | D:6      | Noticed Maggie
  5151 | D:6      | Killed Maggie
  5152 | D:6      | Reached skill level 9 in Maces & Flails
  5549 | D:6      | Reached **** piety under Trog
  5679 | D:6      | Reached skill level 10 in Maces & Flails
  5679 | D:6      | Reached XP level 9. HP: 53/78 MP: 8/8
  6193 | D:6      | Found Cyfryjif's Magic Scroll Boutique.
  6197 | D:6      | Bought 2 scrolls of magic mapping for 98 gold pieces
  7737 | D:8      | Reached skill level 11 in Maces & Flails
  7846 | D:8      | Found a staircase to the Lair.
  8121 | D:8      | Noticed a centaur warrior
  8121 | D:8      | Noticed a gargoyle
  8121 | D:8      | Noticed a meliai
  8130 | D:8      | Noticed a tengu conjurer
  8131 | D:8      | Noticed a cane toad
  8131 | D:8      | Noticed a centaur warrior
  8140 | D:8      | Noticed a cyclops
  8150 | D:8      | Noticed a two-headed ogre
  8202 | D:8      | Noticed a fire crab
  8314 | D:9      | Reached XP level 10. HP: 86/90 MP: 9/9
  8321 | D:9      | Noticed a two-headed ogre
  8340 | D:9      | Killed a two-headed ogre
  8341 | D:9      | Reached skill level 12 in Maces & Flails
  8350 | D:9      | Reached skill level 10 in Armour
  8873 | D:9      | Reached skill level 5 in Dodging
  9010 | D:9      | Found Tuyjat's CLEARANCE SALE! EVERYTHING MUST GO!.
  9013 | D:9      | Bought a scroll of magic mapping for 10 gold pieces
  9013 | D:9      | Bought a scroll of teleportation for 9 gold pieces
  9013 | D:9      | Bought a potion of haste for 30 gold pieces
  9452 | D:10     | Entered Level 10 of the Dungeon
  9456 | D:10     | You fall into a shaft and drop 1 floor!
  9456 | D:11     | Found a staircase to the Orcish Mines.
  9459 | D:11     | Noticed a two-headed ogre
  9473 | D:11     | Noticed a gargoyle
  9479 | D:11     | Reached skill level 13 in Maces & Flails
  9494 | D:11     | Killed a two-headed ogre
  9495 | D:11     | Reached skill level 10 in Fighting
  9516 | D:11     | Reached XP level 11. HP: 89/100 MP: 10/10
  9533 | D:11     | Slain by a yak

Illustrated notes

Levels and vault maps discovered:
D:1:      psy_arrival_wood_between_worlds, layout_basic, serial_glass,
          glass_columns_a, glass_columns_a, glass_columns_a,
          corexii_hall_statues_deadend, st_stairs_2, minmay_tripent
D:2:      layout_rooms
D:3:      layout_basic, minmay_misc_feat_plants, minmay_rat_hole
D:4:      layout_basic, mrwooster_statue_mirror
D:5:      layout_basic, old_standard_altar, minmay_temple_entry_fiery
D:6:      layout_gridville, serial_shops, kennysheep_mini, uniq_maggie
D:7:      layout_cave_pods, roderic_batcave
D:8:      layout_cave_pools, lair_entry_dummy, grunt_decor_mini_mirrors,
          minivault_12
D:9:      layout_roguey, hex_medium, nicolae_shop_clearance
D:10:     layout_grid_maze, serial_shops, shop, uniq_maurice
D:11:     layout_basic, david_orc_2, palyth_stone_intersect,
          chequers_serial_rivers_room_b, slow_altar_2
Temple:   nicolae_temple_the_god_donut

Skill      XL: |  1  2  3  4  5  6  7  8  9 10 |
---------------+-------------------------------+-----
Maces & Flails | 4 5 6 8 10 11 13 | 13.5
Armour         | 3 4 5 6 7 8 9 10 | 10.9
Fighting       | 4 5 6 7 8 10 | 10.3
Dodging        | 4 5 |  5.0

Action                   |  1- 3 |  4- 6 |  7- 9 | 10-12 || total
-------------------------+-------+-------+-------+-------++-------
Melee: Mace              |    78 |    23 |       |       ||   101
       Headbutt          |    10 |    16 |    38 |    24 ||    88
       Flail             |       |   118 |   285 |    73 ||   476
       Dire flail        |       |       |       |    52 ||    52
Throw: Dart              |       |       |     4 |       ||     4
Invok: Trog's Hand       |     1 |     1 |     3 |     1 ||     6
       Berserk           |       |     1 |     2 |     1 ||     4
       Brothers in Arms  |       |       |       |     2 ||     2
  Use: Scroll            |     1 |     3 |    13 |       ||    17
       Potion            |       |       |       |     2 ||     2
Armor: Animal skin       |    12 |       |       |       ||    12
       Ring mail         |    18 |    66 |    91 |    45 ||   220
       Plate armour      |       |     8 |    50 |       ||    58
Dodge: Dodged            |    55 |   109 |   196 |   194 ||   554

Table legend: (Time is in decaauts)
 A = Elapsed time spent in this place.
 B = Non-inter-level travel time spent in this place.
 C = Inter-level travel time spent in this place.
 D = Time resting spent in this place.
 E = Time spent auto-exploring this place.
 F = Levels seen in this place.
 G = Mean time per level.
                   A        B        C        D        E       F      G
               +--------+--------+--------+--------+--------+-----+--------+
         Total |   9530 |   9258 |    272 |    352 |   7365 |  12 |  794.2 |
       Dungeon |   9528 |   9256 |    272 |    352 |   7365 |  11 |  866.2 |
        Temple |      1 |      1 |      0 |      0 |      0 |   1 |    1.0 |
               +--------+--------+--------+--------+--------+-----+--------+

Top non-repeatable levels by time:
     D:6: 1788 daAuts
     D:5: 1157 daAuts
     D:1: 1151 daAuts
     D:9: 1134 daAuts
     D:3: 1132 daAuts
     D:7: 1002 daAuts
     D:4: 979 daAuts
     D:8: 572 daAuts
     D:2: 554 daAuts
    D:11: 52 daAuts
    D:10: 3 daAuts
  Temple: 1 daAuts
